Map: Acropolis LE

Players

ProudPaw - Winner!

  • Race: Terran Terran
  • League: Diamond
  • Spawn Location: 11:00

Parkkatz

  • Race: Zerg Zerg
  • League: Platinum
  • Spawn Location: 5:00

VOD

Have the link to the VOD?

Description

Time

  • Played on: July 3, 2019, 6:56 p.m.
  • Length: 13:56
Show
View Real Time Build Order
Export as new Build Order

ProudPaw Terran - Winner!

Build Orders: Command Center First (CC), Liberator Opening 

Get SALT Encoding   

  12  0:01  SCV  
  13  0:13  SCV  
  14  0:17  Supply Depot  
  14  0:25  SCV  
  15  0:40  SCV  
  16  0:52  SCV  
  17  1:00  Command Center  
  17  1:12  Barracks  
  17  1:17  SCV  
  18  1:23  Refinery  
  18  1:30  SCV  
  19  1:33  Refinery  
  19  1:42  SCV  
  20  1:54  SCV  
  21  2:01  Supply Depot  
  21  2:05  Barracks Reactor  
  21  2:07  Orbital Command  
  21  2:24  Orbital Command  
  21  2:30  Factory  
  20  2:39  SCV  
  20  2:43  Marine  
  22  2:44  Marine  
  23  2:51  SCV  
  24  3:00  Marine  
  24  3:02  Marine  
  24  3:03  SCV  
  27  3:15  Hellion  
  27  3:16  Starport  
  29  3:22  Marine x2  
  29  3:25  SCV  
  32  3:36  Hellion  
  32  3:39  Marine, Orbital Command  
  32  3:40  Marine  
  32  3:41  SCV  
  37  3:46  Supply Depot  
  37  3:53  Liberator, SCV  
  38  4:04  SCV  
  38  4:05  SCV  
  38  4:08  Factory Reactor  
  40  4:14  Factory  
  43  4:19  Orbital Command  
  43  4:39  Marine x2  
  45  4:50  Armory  
  45  4:51  Refinery x2, SCV x2  
  47  4:59  Factory Tech Lab  
  47  5:01  Hellion x2  
  47  5:02  Starport Tech Lab  
  47  5:03  SCV x2  
  53  5:07  Starport  
  53  5:12  Marine  
  54  5:27  Marine, SCV x2  
  57  5:30  Marine  
  57  5:32  Supply Depot  
  58  5:38  Siege Tank  
  58  5:39  SCV  
  62  5:53  SCV x2  
  62  5:54  Widow Mine x2  
  68  5:59  Supply Depot  
  68  6:01  Terran Vehicle Weapons Level 1  
  68  6:03  Liberator  
  68  6:05  SCV x2  
  68  6:10  Starport Tech Lab  
  70  6:17  Fusion Core  
  70  6:21  Siege Tank, Widow Mine  
  78  6:25  Supply Depot  
  78  6:40  Supply Depot  
  78  6:47  Medivac, SCV x2  
  78  6:49  Widow Mine x2  
  86  6:54  Liberator  
  86  7:01  Marine x2, Siege Tank, SCV x2  
  86  7:04  Engineering Bay  
  93  7:13  SCV x2  
  98  7:19  Marine x2  
  98  7:20  Supply Depot, Medivac  
  98  7:21  Advanced Ballistics  
  102  7:33  Missile Turret  
  102  7:36  SCV x2  
  101  7:37  Marine x2, Hellion  
  101  7:39  Hellion  
  101  7:40  Hellion, Sensor Tower  
  98  7:48  SCV  
  98  7:50  Medivac  
  94  7:58  Liberator  
  92  8:00  Hellion  
  92  8:03  Marine x2  
  96  8:07  Terran Vehicle Weapons Level 2  
  96  8:09  Terran Infantry Weapons Level 1  
  96  8:19  Hellion x2  
  103  8:21  Marine x2, Hellion  
  107  8:28  Supply Depot  
  107  8:34  Sensor Tower  
  107  8:39  Marine x2  
  109  8:50  Hellion x3  
  109  8:51  Infernal Pre-Igniter  
  115  8:57  Marine  
  115  8:58  Supply Depot, Barracks  
  115  9:02  Barracks  
  116  9:10  Marine  
  116  9:14  Marine  
  118  9:20  Hellion x2  
  122  9:28  Marine  
  123  9:32  Marine  
  123  9:34  Liberator  
  117  9:41  Liberator  
  117  9:46  Marine, Command Center  
  117  9:47  Marine  
  117  9:49  Siege Tank  
  117  9:50  Marine  
  126  9:54  Supply Depot  
  126  9:57  Barracks Tech Lab  
  126  9:58  Supply Depot  
  129  10:04  Marine  
  130  10:16  Liberator  
  130  10:19  Marine x3  
  130  10:21  Marine, Siege Tank  
  137  10:29  Hellion  
  137  10:30  Hellion  
  137  10:31  Liberator  
  144  10:37  Marine x3  
  144  10:39  Marine  
  147  10:55  Marine x3  
  112  11:09  Marine  
  109  11:13  Marine x3  
  109  11:27  Marine  
  109  11:30  Marine  
  108  11:37  Marine x2  
  107  11:40  Stimpack  
  107  11:44  Marine  
  107  11:45  Supply Depot  
  108  11:48  Marine  
  108  11:52  Hellion x3  
  115  11:55  Marine x2  
  115  11:57  Planetary Fortress  
  117  12:02  Marine  
  118  12:13  Hellion x3  
  121  12:29  Medivac x2  
  125  12:34  Hellion  
  125  12:35  Hellion  
  129  12:43  Barracks Reactor  
  129  12:45  Supply Depot  
  129  12:46  Supply Depot, Marine x3  
  132  12:59  Medivac  
  132  13:04  Marine x3  
  122  13:22  Marine  
  120  13:31  Marine  
  120  13:32  Marine x3  
Show
View Real Time Build Order
Export as new Build Order

Parkkatz Zerg 

Build Orders: Hatch First 

Get SALT Encoding   

  12  0:01  Drone  
  13  0:12  Overlord  
  13  0:18  Drone  
  14  0:31  Drone x2  
  16  0:37  Drone  
  17  0:49  Drone  
  18  0:58  Hatchery  
  18  0:59  Drone  
  18  1:03  Extractor  
  17  1:15  Spawning Pool  
  17  1:18  Drone  
  17  1:22  Drone  
  18  1:29  Drone  
  19  1:38  Overlord  
  19  2:05  Queen  
  19  2:06  Zergling x2  
  19  2:07  Zergling x2  
  23  2:10  Queen  
  23  2:11  Zergling x2  
  26  2:16  Metabolic Boost  
  26  2:24  Drone  
  26  2:25  Drone x2  
  29  2:43  Overlord  
  29  2:44  Drone  
  29  2:47  Queen  
  29  2:50  Overlord  
  32  2:51  Drone  
  33  3:09  Hatchery  
  33  3:11  Drone x3  
  35  3:13  Drone  
  36  3:20  Drone x3  
  39  3:33  Queen  
  41  3:34  Drone x3  
  41  3:37  Overlord  
  44  3:53  Drone x2  
  46  3:56  Extractor x2  
  46  3:59  Roach Warren  
  46  4:02  Drone x3  
  44  4:03  Drone x3  
  44  4:06  Drone x2  
  49  4:10  Evolution Chamber  
  48  4:20  Zergling x4  
  50  4:28  Drone x2, Overlord  
  52  4:37  Zerg Missile Weapons Level 1  
  52  4:39  Lair  
  52  4:48  Overlord  
  52  4:49  Overlord  
  52  4:51  Zergling x8  
  56  4:56  Baneling Nest  
  56  4:58  Drone  
  56  4:59  Drone x2  
  58  5:01  Drone x3  
  58  5:02  Drone  
  58  5:05  Queen  
  64  5:16  Roach  
  64  5:17  Roach x5  
  76  5:33  Drone x2  
  76  5:34  Drone x4  
  82  5:36  Spore Crawler  
  82  5:37  Spore Crawler  
  78  5:45  Roach x2  
  80  5:59  Glial Reconstitution  
  80  6:01  Roach  
  82  6:07  Overlord x2  
  82  6:08  Overlord  
  82  6:18  Overlord x2  
  82  6:25  Queen  
  82  6:26  Overlord  
  82  6:27  Overlord  
  82  6:28  Roach x3  
  82  6:29  Roach x7  
  82  6:31  Ravager x2  
  106  6:50  Drone x2  
  106  6:51  Drone x2  
  106  6:52  Extractor  
  106  6:53  Roach, Extractor  
  114  6:54  Roach x3  
  116  7:03  Drone x3  
  119  7:14  Overlord  
  119  7:15  Overlord x2  
  119  7:26  Overlord  
  119  7:27  Overlord x4  
  66  8:01  Queen  
  66  8:02  Zerg Missile Weapons Level 2  
  66  8:03  Zergling x2  
  66  8:04  Roach  
  66  8:05  Roach x12  
  93  8:12  Infestation Pit  
  92  8:15  Extractor  
  92  8:19  Drone x2  
  94  8:20  Drone, Overlord x2  
  94  8:23  Roach x2  
  94  8:24  Roach  
  100  8:28  Drone  
  100  8:33  Queen  
  103  8:34  Hatchery  
  103  8:35  Drone x3  
  103  8:37  Drone x3  
  103  8:38  Overlord  
  103  8:39  Roach x2  
  112  8:42  Zergling x6  
  115  8:54  Roach x4  
  123  9:02  Hatchery  
  122  9:10  Hive  
  108  9:35  Zergling x24  
  108  9:36  Zergling x6  
  105  9:44  Roach  
  105  9:45  Roach x6  
  103  9:46  Infestor  
  103  9:50  Infestor x2  
  109  9:53  Overseer  
  109  9:55  Baneling x3  
  109  9:56  Baneling x5  
  109  9:59  Infestor  
  111  10:03  Roach, Zergling x2  
  111  10:04  Roach x3  
  109  10:16  Roach  
  109  10:17  Roach x8  
  127  10:28  Roach x8  
  102  10:57  Zergling x2  
  102  10:58  Zergling x16  
  97  11:08  Queen  
  97  11:09  Queen x3  
  105  11:13  Zergling x16  
  105  11:14  Zergling x14  
  84  11:42  Roach x7  
  84  11:43  Roach x5  
  84  11:44  Queen  
  106  11:49  Adrenal Glands  
  106  11:58  Queen  
  106  11:59  Evolution Chamber  
  106  12:01  Evolution Chamber  
  106  12:04  Evolution Chamber  
  97  12:15  Roach x2  
  97  12:16  Roach x5  
  105  12:35  Zergling x8  
  105  12:36  Zergling x2  
  110  12:45  Zergling x2  
  110  12:46  Zergling x12  
  110  12:50  Ravager x2  
  110  12:51  Ravager x4  
  123  13:13  Hatchery  
  92  13:23  Roach  
  92  13:24  Roach x8  
  98  13:33  Roach x3  
  89  13:37  Roach  
Tags
 
Add a new tag
Caveats
  • Supply blocks, unpowered buildings, or Contaminate may cause inaccurate times.
  • Supply counts are checked every 10 seconds.